 Dungeon Crawl Stone Soup version 0.30-a0-176-gdd20fb75b6 (webtiles) character file.

Game seed: 7584758334149553230

77 Anathary the Covered (level 4, 0/40 HPs)
             Began as a Meteoran Fighter on Oct 2, 2022.
             Slain by an adder (1 damage)
             ... on level 3 of the Dungeon on Nov 18, 2022.
             The game lasted 00:06:27 (1330 turns).

Anathary the Covered (Meteoran Fighter)             Turns: 1330, Time: 00:06:27

Health: 0/40       AC: 12    Str: 25    XL:     4   Next: 89%
Magic:  5/5        EV:  6    Int: 10    God:
Gold:   188        SH:  5    Dex: 13    Spells: 3/3 levels left

rFire   . . .      SeeInvis .    a - +0 flail
rCold   . . .      Faith    .    c - +0 buckler
rNeg    . . .      Spirit   .    p - +0 plate armour
rPois   .          Reflect  .    (no helmet)
rElec   .          Harm     .    (no cloak)
rCorr   .          Rampage  .    (no gloves)
Will    .....                    (no boots)
Stlth   ..........               (no amulet)
HPRegen 0.26/turn                k - +6 ring of strength
MPRegen 0.09/turn                (no ring)

@: glowing
A: sense surroundings 1, otherworldly, glowing, explore regen
a: no special abilities


You were on level 3 of the Dungeon.
You visited 1 branch of the dungeon, and saw 3 of its levels.

You collected 188 gold pieces.

Inventory:

Hand Weapons
 a - a +0 flail (weapon)
Armour
 c - a +0 buckler (worn)
 p - a +0 plate armour (worn)
Jewellery
 b - a ring of magical power
 k - a +6 ring of strength (left hand)
 n - an amulet of the acrobat
Scrolls
 e - 5 scrolls of identify {unknown}
 f - a scroll of blinking {unknown}
 h - a scroll of magic mapping {unknown}
 i - a scroll of noise {unknown}
 j - a scroll of vulnerability {unknown}
 m - a scroll of fear {unknown}
 o - a scroll of immolation {unknown}
Potions
 d - a potion of might
 g - a potion of resistance {unknown}
 l - a potion of curing {unknown}
 q - a potion of invisibility {unknown}
 r - a potion of lignification {unknown}


   Skills:
 + Level 3.7 Fighting
 + Level 4.2 Maces & Flails
 + Level 4.5 Armour
 + Level 0.4 Dodging
 + Level 4.0 Shields


You had 3 spell levels left.
You didn't know any spells.
Your spell library was empty.

Dungeon Overview and Level Annotations

Branches:
Dungeon (3/15) Zot: 432

Altars:
Xom


Innate Abilities, Weirdness & Mutations

You passively map a small area around you.
You are easily found by Zot.
You glow in the dark.
You regain HP and MP as you explore.


Message History

The adder bites you.
The gnoll hits you from afar with a +0 halberd.
You block the hobgoblin's attack.
You sock the hobgoblin!
You kill the hobgoblin!
The adder bites you but does no damage. You block the gnoll's attack.
Found a stone staircase leading down.
The adder bites you but does no damage. The gnoll hits you with a +0 halberd.
The gnoll hits you with a +2 flail of holy wrath.
The adder bites you but does no damage.
Things that are here:
a hobgoblin corpse; an adder corpse You sock the gnoll!
The gnoll is almost dead.
The adder bites you.
The gnoll hits you with a +2 flail of holy wrath.
The gnoll barely misses you.
You sock the gnoll!
The gnoll is severely wounded.
You block the adder's attack. The gnoll hits you but does no damage.
The gnoll hits you with a +0 halberd!
* * * LOW HITPOINT WARNING * * *
The adder bites you but does no damage.
You closely miss the gnoll.
The gnoll is severely wounded.
The gnoll hits you but does no damage.
The gnoll hits you with a +2 flail of holy wrath.
* * * LOW HITPOINT WARNING * * *
You block the adder's attack.
You closely miss the gnoll.
The gnoll is severely wounded.
The adder bites you but does no damage. You block the gnoll's attack.
The gnoll hits you but does no damage. The adder bites you but does no damage.
The gnoll hits you but does no damage. x2
You hit the gnoll but do no damage.
The gnoll is severely wounded.
The adder bites you but does no damage. The gnoll hits you with a +0 halberd.
* * * LOW HITPOINT WARNING * * *
The gnoll hits you but does no damage. The adder bites you.
You die...

* , , , ....... * , , , .>.....
, ,,#.###,,,....... * ,, ,#...
....).. ######..# ,....... ,
##.......#* * ....... ,
##.......?# ###g...... , ,
#.........###.@g......# #+#
#..........#..S.......# #.#
#..............#......# * #.#
#...........#.........# +.+
#.........#...........# *, #.#
##...†....#..#........# *, #.#
#....††...............###+###.#
#....#....##.########.'........
#....#....#...# #.###'###.#


You could see 2 gnolls and an adder.

Vanquished Creatures
  2 adders (D:3)
  A worm (D:2)
  4 dart slugs
  5 bats
  7 endoplasms
  3 goblins
  4 hobgoblins
  3 jackals (D:3)
  2 kobolds (D:1)
  A quokka (D:2)
  4 ball pythons
  4 frilled lizards
  5 rats
45 creatures vanquished.

Notes
Turn   | Place    | Note
-------+----------+-------------------------------------------
     0 | D:1      | Anathary the Meteoran Fighter began the quest for the Orb.
     0 | D:1      | Reached XP level 1. HP: 19/19 MP: 2/2
    42 | D:1      | Found a faded altar of an unknown god.
    77 | D:1      | Reached XP level 2. HP: 26/26 MP: 3/3
   214 | D:1      | Reached XP level 3. HP: 31/31 MP: 4/4
   348 | D:1      | You fall into a shaft and drop 1 floor!
   771 | D:2      | Found a shimmering altar of Xom.
  1012 | D:2      | Reached XP level 4. HP: 37/38 MP: 5/5
  1072 | D:2      | Glimpsed the power of Zot.
  1122 | D:2      | Glimpsed the power of Zot.
  1330 | D:3      | HP: 1/40 [gnoll/+0 halberd (3)]
  1330 | D:3      | Slain by an adder

Illustrated notes

Levels and vault maps discovered:
D:1:      ebering_hopf_link, layout_loops_ring,
          ebering_ecumenical_altar_petrified, minmay_cupped
D:2:      layout_loops_ring, basic_altar, minmay_unequal
D:3:      layout_rooms, minmay_door_square, nrook_mini_backslash

Skill      XL: |  1  2  3  4 |
---------------+-------------+-----
Armour         | 4 |  4.5
Maces & Flails | 3 4 |  4.2
Shields        | 4 |  4.0
Fighting       | |  3.7
Dodging        | |  0.4

Action                   |  1- 3 |  4- 6 || total
-------------------------+-------+-------++-------
Melee: Flail             |    91 |    44 ||   135
Armor: Scale mail        |    60 |       ||    60
       Plate armour      |     1 |    49 ||    50
Dodge: Dodged            |    25 |    16 ||    41
Block: Buckler           |    18 |    16 ||    34

Table legend: (Time is in decaauts)
 A = Elapsed time spent in this place.
 B = Non-inter-level travel time spent in this place.
 C = Inter-level travel time spent in this place.
 D = Time resting spent in this place.
 E = Time spent auto-exploring this place.
 F = Levels seen in this place.
 G = Mean time per level.
                   A        B        C        D        E       F      G
               +--------+--------+--------+--------+--------+-----+--------+
         Total |   1365 |   1290 |     75 |     87 |    667 |   3 |  455.0 |
       Dungeon |   1365 |   1290 |     75 |     87 |    667 |   3 |  455.0 |
               +--------+--------+--------+--------+--------+-----+--------+

Top non-repeatable levels by time:
     D:1: 764 daAuts
     D:2: 413 daAuts
     D:3: 187 daAuts
